 Dungeon Crawl Stone Soup version 0.18-a0-910-g1648204 (webtiles) character file.

86 Proton the Shield-Bearer (level 4, -10/37 HPs)
             Began as a Formicid Fighter on Dec 25, 2015.
             Mangled by a gnoll
             ... wielding a +0 halberd
              (15 damage)
             ... on level 2 of the Dungeon.
             The game lasted 00:02:04 (1822 turns).

Proton the Shield-Bearer (Formicid Fighter)         Turns: 1822, Time: 00:02:04

Health: -10/37     AC:  7    Str: 22    XL:     4   Next: 78%
Magic:  4/4        EV:  8    Int:  7    God:
Gold:   119        SH:  9    Dex: 10    Spells: 0 memorised, 3 levels left

rFire  . . .     SeeInvis +     a - +0 long sword
rCold  . . .     Gourm    .     b - +0 scale mail
rNeg   . . .     Faith    .     c - +0 shield
rPois  .         Spirit   .     (helmet unavailable)
rElec  .         Dismiss  .     (no cloak)
rCorr  .         Reflect  .     (no gloves)
SustAt .         Harm     .     (no boots)
MR     .....                    (no amulet)
Stlth  ..........               (no ring)
                                (no ring)

@: not resistant to hostile enchantments, extremely unstealthy
A: permanent stasis, dig shafts and tunnels, four strong arms, antennae 3
a: Dig, Shaft Self


You were on level 2 of the Dungeon.
You were not hungry.

You visited 1 branch of the dungeon, and saw 2 of its levels.

You collected 119 gold pieces.

Inventory:

Hand Weapons
 a - a +0 long sword (weapon)
Armour
 b - a +0 scale mail (worn)
 c - a +0 shield (worn)
Jewellery
 l - a cursed ring of teleportation {unknown}
Scrolls
 j - a scroll of enchant weapon {unknown}
 n - a scroll of teleportation {unknown}
 o - a scroll of identify {unknown}
 q - a scroll of magic mapping {unknown}
Potions
 d - a potion of might
 e - a potion of cure mutation {unknown}
 g - a potion of haste {unknown}
 i - a potion of agility {unknown}
 k - a potion of magic {unknown}
 m - a potion of poison {unknown}
 p - a potion of lignification {unknown}
Comestibles
 f - 2 bread rations
 h - 2 meat rations


   Skills:
 + Level 4.0 Fighting
 + Level 2.4 Long Blades
 + Level 3.8 Armour
 + Level 1.2 Dodging
 + Level 4.4 Shields


You had 3 spell levels left.
You didn't know any spells.

Dungeon Overview and Level Annotations

Branches:
Dungeon (2/15)

Altars:


Innate Abilities, Weirdness & Mutations

You are under a permanent stasis effect.
You can dig through walls and to a lower floor.
Your four strong arms can wield two-handed weapons with a shield.
You have a pair of large antennae on your head (SInv).


Message History

You are too injured to fight recklessly!
You are too injured to fight recklessly!
You are too injured to fight recklessly!
You are too injured to fight recklessly!
You are too injured to fight recklessly!
You are too injured to fight recklessly!
You are too injured to fight recklessly!
You are too injured to fight recklessly!
You are too injured to fight recklessly!
You slash the gnoll!
The gnoll is severely wounded.
The gnoll barely misses you.
You hit the gnoll but do no damage.
The gnoll is severely wounded.
The gnoll hits you with a halberd!
* * * LOW HITPOINT WARNING * * *
You barely miss the gnoll.
The gnoll is severely wounded.
The gnoll hits you with a halberd!
You die...

### .. # ##########g## ... #
#.........#@# ##g.. #
#.........### #####.....
######........g#####.......#.
..................g..........
####...........#####.......#.
...#...........# #.......#
...#...........# #.#.....#
...#....#....#######.#.#...#
...#....#....#.....<.#.#...#


You could see a gnoll.

Vanquished Creatures
  A gnoll (D:2)
  5 adders
  A worm (D:2)
  A giant gecko (D:1)
  8 bats
  7 hobgoblins
  A giant newt (D:1)
  2 goblins (D:2)
  3 kobolds
  A quokka (D:2)
  2 rats (D:1)
32 creatures vanquished.

Notes
Turn   | Place    | Note
--------------------------------------------------------------
     0 | D:1      | Proton the Formicid Fighter began the quest for the Orb.
     0 | D:1      | Reached XP level 1. HP: 18/18 MP: 1/1
   175 | D:1      | Reached XP level 2. HP: 24/24 MP: 2/2
   622 | D:1      | Reached skill level 4 in Shields
   622 | D:1      | Reached XP level 3. HP: 14/30 MP: 3/3
  1098 | D:2      | Reached skill level 1 in Dodging
  1101 | D:2      | Reached XP level 4. HP: 16/37 MP: 4/4
  1822 | D:2      | Mangled by a gnoll

Vault maps used:
D:1:      lightli_arrival_windingriver
D:2:      first_bread, minmay_strange_pillars

Action                   |  1- 3 |  4- 6 || total
-------------------------+-------+-------++-------
Melee: Long sword        |    94 |    59 ||   153
 Abil: Dig               |       |     1 ||     1
  Eat: Chunk             |       |     3 ||     3
